[Event "XI Paracin Festival 2018"]
[Site "Paracin"]
[Date "2018.07.07"]
[Round "3"]
[White "Ivic, Matija"]
[Black "Arsovic, Zoran"]
[Result "1/2-1/2"]
[ECO "A31"]
[WhiteElo "2245"]
[BlackElo "2436"]
[Annotator "NA"]
[PlyCount "140"]
[EventDate "2018.07.06"]
[EventType "swiss"]
[EventCountry "SRB"]
[SourceTitle "playchess.com"]
[Source "ChessBase"]
[SourceQuality "1"]
[TimeControl "5400+30"]

1. Nf3 c5 2. c4 Nf6 3. d4 cxd4 4. Nxd4 b6 5. Nc3 Bb7 6. f3 d6 7. e4 e6 8. Be3 Be7 9. Be2 O-O 10. O-O a6 11. Qd2 Qc7 12. Rac1 Nbd7 13. Rfd1 Rac8 14. Bf2 Qb8 15. Bf1 Kh8 16. Re1 Qa8 17. Na4 Rfe8 18. Nb3 Qb8 19. Qe3 Bd8 20. Nc3 Bc7 21. Qd2 d5 22. cxd5 Bxh2+ 23. Kh1 Bf4 24. Be3 Bxe3 25. Rxe3 exd5 26. exd5 Rxe3 27. Qxe3 Re8 28. Qd4 Re5 29. d6 Re6 30. Rd1 Ne8 31. Qa4 Qc8 32. Qb4 Qb8 33. Qa4 Qd8 34. Bxa6 Rh6+ 35. Kg1 Bxf3 36. gxf3 Qg5+ 37. Kf1 Rh1+ 38. Ke2 Rh2+ 39. Kd3 Ne5+ 40. Kd4 Nxf3+ 41. Kc4 Rh4+ 42. Nd4 Nxd6+ 43. Kb3 Ne5 44. Be2 h5 45. Qa8+ Kh7 46. Qd5 Qe7 47. Nf3 Nxf3 48. Bxf3 Ne8 49. Bxh5 Nf6 50. Qd3+ g6 51. Bf3 Qb4+ 52. Kc2 Rh2+ 53. Be2 Kg7 54. Rf1 Qg4 55. Rxf6 Rxe2+ 56. Qxe2 Qxe2+ 57. Nxe2 Kxf6 58. Kd3 Ke5 59. Ng1 g5 60. Ke3 Kd5 61. Nh3 f6 62. Kd3 Ke5 63. a4 g4 64. Ng1 f5 65. b4 f4 66. a5 bxa5 67. bxa5 Kd5 68. a6 Kc6 69. Ke4 f3 70. Nxf3 Kc5 1/2-1/2

[Event "XI Paracin Festival 2018"]
[Site "Paracin"]
[Date "2018.07.07"]
[Round "3"]
[White "Vujacic, Borivoje"]
[Black "Mcphillips, Joseph"]
[Result "0-1"]
[ECO "C06"]
[WhiteElo "2211"]
[BlackElo "2402"]
[Annotator "NA"]
[PlyCount "84"]
[EventDate "2018.07.06"]
[EventType "swiss"]
[EventCountry "SRB"]
[SourceTitle "playchess.com"]
[Source "ChessBase"]
[SourceQuality "1"]
[TimeControl "5400+30"]

1. e4 e6 2. d4 d5 3. Nd2 Nf6 4. e5 Nfd7 5. Bd3 c5 6. c3 Nc6 7. Ne2 cxd4 8. cxd4 f6 9. exf6 Nxf6 10. Nf3 Bd6 11. O-O Qc7 12. Nc3 a6 13. Bg5 O-O 14. Rc1 h6 15. Bh4 Nh5 16. Re1 Qf7 17. Be2 Nf4 18. Bg3 Bd7 19. Na4 Bb4 20. Nc3 Bd6 21. Na4 Bb4 22. Nc3 Rae8 23. a3 Bd6 24. Na4 Re7 25. Nc5 Be8 26. Nd3 Qf6 27. Nxf4 Bxf4 28. Rc3 Bh5 29. Bxa6 Bxg3 30. hxg3 Bxf3 31. Rxf3 Qxd4 32. Qxd4 Nxd4 33. Rd3 Nf5 34. Bb5 Nd6 35. a4 Nxb5 36. axb5 Rd8 37. f4 Rd6 38. Re5 g6 39. Kf2 Rc7 40. g4 Kf7 41. Rc3 Rxc3 42. bxc3 Kf6 0-1

[Event "XI Paracin Festival 2018"]
[Site "Paracin"]
[Date "2018.07.07"]
[Round "3"]
[White "Trifunovic, Miroljub"]
[Black "Brankovic, Dejan"]
[Result "0-1"]
[ECO "A49"]
[WhiteElo "2198"]
[BlackElo "2377"]
[Annotator "NA"]
[PlyCount "78"]
[EventDate "2018.07.06"]
[EventType "swiss"]
[EventCountry "SRB"]
[SourceTitle "playchess.com"]
[Source "ChessBase"]
[SourceQuality "1"]
[TimeControl "5400+30"]

1. d4 Nf6 2. Nf3 g6 3. g3 Bg7 4. Bg2 O-O 5. O-O d6 6. h3 c6 7. c4 a6 8. a4 a5 9. Nc3 Na6 10. e4 Nd7 11. Be3 e5 12. Qd2 exd4 13. Nxd4 Nac5 14. Ra3 Ne5 15. Qe2 Re8 16. Rd1 Qe7 17. f4 Ned7 18. Bf2 f5 19. e5 dxe5 20. Nxc6 bxc6 21. Bxc6 Rb8 22. Qd2 e4 23. Qd5+ Kf8 24. Bxc5 Qxc5+ 25. Qxc5+ Nxc5 26. Bxe8 Kxe8 27. Nb5 Bxb2 28. Ra2 Bf6 29. Rd5 Be7 30. Rad2 Be6 31. Re5 Kf7 32. Nd6+ Bxd6 33. Rxd6 Rc8 34. Rd4 Rc7 35. Rd8 Bxc4 36. Rh8 Kf6 37. Rf8+ Bf7 38. Ra8 Nd3 39. Ra6+ Kg7 0-1

[Event "XI Paracin Festival 2018"]
[Site "Paracin"]
[Date "2018.07.07"]
[Round "3"]
[White "Bratkovic, Sham"]
[Black "Martic, Ivan"]
[Result "1/2-1/2"]
[ECO "C65"]
[WhiteElo "2190"]
[BlackElo "2375"]
[Annotator "NA"]
[PlyCount "58"]
[EventDate "2018.07.06"]
[EventType "swiss"]
[EventCountry "SRB"]
[SourceTitle "playchess.com"]
[Source "ChessBase"]
[SourceQuality "1"]
[TimeControl "5400+30"]

1. e4 e5 2. Nf3 Nc6 3. Bb5 Nf6 4. d3 d6 5. c3 g6 6. O-O Bg7 7. Nbd2 O-O 8. Re1 a6 9. Ba4 b5 10. Bc2 Bb7 11. Nf1 Re8 12. a4 b4 13. a5 bxc3 14. bxc3 Na7 15. Ba4 Re7 16. Ne3 h6 17. Nc4 d5 18. exd5 Nxd5 19. Qb3 Nb5 20. Bxb5 axb5 21. Ncxe5 c5 22. d4 Rxa5 23. Bd2 c4 24. Qb2 Rxa1 25. Rxa1 Qe8 26. Ra5 Nc7 27. Ra7 Nd5 28. Ra5 Nc7 29. Ra7 Nd5 1/2-1/2

[Event "XI Paracin Festival 2018"]
[Site "Paracin"]
[Date "2018.07.07"]
[Round "3"]
[White "Sahin, Ozgun"]
[Black "Lajthajm, Borko"]
[Result "1/2-1/2"]
[ECO "B22"]
[WhiteElo "2166"]
[BlackElo "2422"]
[Annotator "NA"]
[PlyCount "171"]
[EventDate "2018.07.06"]
[EventType "swiss"]
[EventCountry "SRB"]
[SourceTitle "playchess.com"]
[Source "ChessBase"]
[SourceQuality "1"]
[TimeControl "5400+30"]

1. e4 c5 2. c3 a6 3. d4 cxd4 4. cxd4 d5 5. exd5 Nf6 6. Nc3 Nxd5 7. Bc4 Nxc3 8. bxc3 e6 9. Nf3 Qc7 10. Qd3 Nc6 11. Bb3 Na5 12. Bc2 Bd7 13. Ne5 Rc8 14. Nxd7 Qxd7 15. O-O Qc6 16. Bd2 Nc4 17. Rfe1 Be7 18. Rac1 Kf8 19. Bf4 Ba3 20. Rb1 Bd6 21. Qg3 Qc7 22. Bxd6+ Nxd6 23. Bd3 h5 24. Rec1 h4 25. Qf3 h3 26. g3 Rh6 27. c4 Rf6 28. Qg4 Qa5 29. Rc2 b5 30. c5 Qa4 31. Qxh3 Ne8 32. d5 Rh6 33. Qg2 Qd4 34. Qe4 Qxe4 35. Bxe4 exd5 36. Bxd5 Rh5 37. Rd1 Nf6 38. Bb7 Rhxc5 39. Rxc5 Rxc5 40. Bxa6 Nd5 41. Bb7 Nc3 42. Rd8+ Ke7 43. Ra8 Rc4 44. Kf1 Kd6 45. Ke1 Rc7 46. Bf3 Kc5 47. h4 Kb4 48. g4 Rc4 49. Ra7 Rf4 50. Bc6 Rxg4 51. Rxf7 Nxa2 52. Rf5 Nc3 53. Rg5 Rxg5 54. hxg5 Kc5 55. Bb7 b4 56. Kd2 Kc4 57. Ba6+ Kd4 58. Kc2 Ne4 59. f4 g6 60. Bc8 Nd6 61. Be6 Ke4 62. Kb3 Kxf4 63. Kxb4 Kxg5 64. Kc5 Ne4+ 65. Kd4 Kf4 66. Bd5 Ng3 67. Kd3 g5 68. Bb7 Nf5 69. Ke2 Nd6 70. Bd5 g4 71. Kf2 Nf5 72. Ba8 Kg5 73. Bb7 Kh4 74. Bf3 g3+ 75. Kg2 Ne3+ 76. Kg1 Kh3 77. Bb7 Kg4 78. Ba8 Kf4 79. Bb7 Nf5 80. Ba8 Nd6 81. Bc6 Nc4 82. Ba8 Kg4 83. Bb7 Ne5 84. Ba8 Nf3+ 85. Bxf3+ Kxf3 86. Kh1 1/2-1/2

[Event "XI Paracin Festival 2018"]
[Site "Paracin"]
[Date "2018.07.07"]
[Round "3"]
[White "Mitev, Valentin"]
[Black "Ivic, Velimir"]
[Result "0-1"]
[ECO "A45"]
[WhiteElo "2086"]
[BlackElo "2432"]
[Annotator "NA"]
[PlyCount "62"]
[EventDate "2018.07.06"]
[EventType "swiss"]
[EventCountry "SRB"]
[SourceTitle "playchess.com"]
[Source "ChessBase"]
[SourceQuality "1"]
[TimeControl "5400+30"]

1. d4 Nf6 2. Bg5 e6 3. e4 h6 4. Bxf6 Qxf6 5. c3 d6 6. Bd3 e5 7. Ne2 g6 8. O-O Bg7 9. f4 Qe7 10. dxe5 dxe5 11. f5 O-O 12. Ng3 Nd7 13. Qf3 Nf6 14. Na3 h5 15. Rfe1 b6 16. Nc2 Bb7 17. Ne3 Rad8 18. Bc2 Bh6 19. Ngf1 Rd7 20. h3 Bf4 21. g3 Bh6 22. Re2 Kg7 23. Rg2 Rfd8 24. g4 hxg4 25. Nxg4 Bf4 26. fxg6 fxg6 27. Nge3 Kh7 28. Nd5 Qc5+ 29. Rf2 Nxd5 30. exd5 Qxd5 31. Qh5+ Kg8 0-1

[Event "XI Paracin Festival 2018"]
[Site "Paracin"]
[Date "2018.07.09"]
[Round "4"]
[White "Perunovic, Milos"]
[Black "Gadimbayli, Abdulla"]
[Result "1/2-1/2"]
[ECO "C18"]
[WhiteElo "2596"]
[BlackElo "2420"]
[Annotator "ChessBase"]
[PlyCount "187"]
[EventDate "2018.07.06"]
[EventType "swiss"]
[EventCountry "SRB"]
[SourceTitle "playchess.com"]
[Source "ChessBase"]
[SourceQuality "1"]
[TimeControl "5400+30"]

1. e4 e6 2. d4 d5 3. Nc3 Bb4 4. e5 c5 5. a3 Bxc3+ 6. bxc3 Ne7 7. Qg4 Qc7 8. Bd3 c4 9. Be2 Nf5 10. Bd1 Nc6 11. Ne2 Bd7 12. Ng3 O-O 13. Nxf5 exf5 14. Qg3 Kh8 15. a4 Rfe8 16. Ba3 a6 17. Kd2 b5 18. Bd6 Qb6 19. Bh5 Be6 20. Rhb1 Qb7 21. Bf3 Qd7 22. Qf4 bxa4 23. h3 Na7 24. g4 Nb5 25. Bb4 Rab8 26. Rg1 Rg8 27. gxf5 Bxf5 28. Rg5 Bg6 29. h4 h6 30. Rg3 Nc7 31. Rag1 Ne6 32. Qe3 Bh7 33. Bg4 Qa7 34. Ba3 Qb7 35. Rc1 Nc7 36. f4 Nb5 37. Bb4 a5 38. Bc5 a3 39. f5 a2 40. Ra1 Nc7 41. Ba3 Nb5 42. Bc5 Nc7 43. Ba3 Nb5 44. Bc5 Nc7 45. Qe1 Qb2 46. Qc1 Na6 47. Ba3 Qb1 48. Rg1 Qb5 49. Bd6 Rb6 50. Rxa2 Qd7 51. Qf1 f6 52. Rxa5 Nb8 53. Rxd5 Qf7 54. e6 Qb7 55. Bf3 Rb2 56. Qxc4 Rc8 57. Bc5 Qc7 58. Kc1 Rb7 59. Rd6 Ra7 60. e7 Qxe7 61. Kd2 Qxd6 62. Bxd6 Rxc4 63. Bxb8 Ra3 64. Be4 Raxc3 65. Bd3 Rxd3+ 66. Kxd3 Rc8 67. Bd6 Bxf5+ 68. Ke3 Rc3+ 69. Kf4 Bxc2 70. Bf8 g5+ 71. Kg4 Kh7 72. Re1 Kg6 73. h5+ Kf7 74. Bxh6 Ba4 75. Bxg5 Bd7+ 76. Kf4 fxg5+ 77. Kxg5 Rg3+ 78. Kf4 Rh3 79. Ke5 Ke7 80. Kd5+ Kd8 81. Re5 Be8 82. Kd6 Bxh5 83. Rb5 Bg4 84. Rg5 Rh6+ 85. Ke5 Bd7 86. d5 Kc7 87. Rg7 Rh5+ 88. Kd4 Kd8 89. Kc5 Be6 90. Kd6 Bxd5 91. Rd7+ Ke8 92. Re7+ Kf8 93. Re5 Rxe5 94. Kxe5 1/2-1/2

[Event "XI Paracin Festival 2018"]
[Site "Paracin"]
[Date "2018.07.09"]
[Round "4"]
[White "Shyam, Sundar M"]
[Black "Parnali, S Dharia"]
[Result "1-0"]
[ECO "C50"]
[WhiteElo "2527"]
[BlackElo "2170"]
[Annotator "ChessBase"]
[PlyCount "91"]
[EventDate "2018.07.06"]
[EventType "swiss"]
[EventCountry "SRB"]
[SourceTitle "playchess.com"]
[Source "ChessBase"]
[SourceQuality "1"]
[TimeControl "5400+30"]

1. e4 e5 2. Nf3 Nc6 3. Bc4 Nf6 4. d3 Bc5 5. O-O O-O 6. Bg5 h6 7. Bh4 d6 8. c3 Bg4 9. h3 Be6 10. Nbd2 Bb6 11. Re1 Qd7 12. Bxf6 gxf6 13. Nh4 Kh7 14. Qf3 Rg8 15. Qxf6 Rg7 16. Kh2 Rag8 17. Nf1 Na5 18. Ne3 Bxe3 19. Rxe3 Nxc4 20. dxc4 Bxc4 21. Rg3 Rxg3 22. fxg3 Be6 23. b3 a5 24. Rf1 Qd8 25. Qf2 Qg5 26. Qe1 b6 27. Rf3 Ra8 28. Qf2 Qe7 29. Nf5 Bxf5 30. Rxf5 Kg7 31. a4 Qe6 32. c4 Re8 33. g4 Qg6 34. Qh4 f6 35. Qf2 Qf7 36. Qd2 Rh8 37. Kg1 Qe6 38. h4 Rf8 39. Qf2 Rf7 40. Qf3 Kf8 41. Qe3 Kg7 42. Rh5 Kf8 43. Qxh6+ Ke7 44. Rf5 Qd7 45. g5 Qc6 46. g6 1-0

[Event "XI Paracin Festival 2018"]
[Site "Paracin"]
[Date "2018.07.09"]
[Round "4"]
[White "Atalik, Suat"]
[Black "Abramovic, Bosko"]
[Result "1-0"]
[ECO "E04"]
[WhiteElo "2509"]
[BlackElo "2409"]
[Annotator "RC"]
[PlyCount "155"]
[EventDate "2018.07.06"]
[EventType "swiss"]
[EventCountry "SRB"]
[SourceTitle "playchess.com"]
[Source "ChessBase"]
[SourceQuality "1"]
[TimeControl "5400+30"]

1. d4 Nf6 2. c4 e6 3. Nf3 d5 4. g3 dxc4 5. Bg2 Nc6 6. Qa4 Nd7 7. Qxc4 Nb6 8. Qb5 a6 9. Qd3 e5 10. Nxe5 Nb4 11. Qd1 Qxd4 12. Qxd4 Nc2+ 13. Kd1 Nxd4 14. Be3 Nb5 15. Bxb6 cxb6 16. Nd2 Nd6 17. Nec4 b5 18. Nb6 Rb8 19. Nxc8 Rxc8 20. Rc1 Kd8 21. Ne4 Rxc1+ 22. Kxc1 Nxe4 23. Bxe4 Kc7 24. Kb1 g6 25. Rc1+ Kb8 26. Rd1 Kc7 27. Bd5 f6 28. f4 a5 29. Rc1+ Kb8 30. e4 Bd6 31. Rd1 Rd8 32. Bg8 h6 33. Bf7 g5 34. e5 Be7 35. Rxd8+ Bxd8 36. fxg5 fxg5 37. Kc2 Bb6 38. Kd3 Kc7 39. g4 Bg1 40. h3 Kd7 41. Ke4 Ke7 42. Bd5 b6 43. Kf5 Bd4 44. b3 b4 45. Bc4 Bc3 46. Bb5 Bd4 47. e6 Bc5 48. Bd7 Be3 49. Kg6 Bf4 50. Kxh6 Kf6 51. Bc8 Be3 52. Kh5 Bd2 53. h4 gxh4 54. g5+ Ke7 55. Kxh4 Be3 56. Kh5 Bd4 57. Kg4 Be3 58. Bd7 Bd2 59. Kf5 Bc1 60. Bb5 Bd2 61. Bc4 Bc1 62. Bd5 Bd2 63. g6 Bc3 64. Ke4 b5 65. Kf5 a4 66. Bc6 axb3 67. axb3 Bd4 68. Bxb5 Bg7 69. Bd7 Kd6 70. Ke4 Bf6 71. Kf5 Bg7 72. Bb5 Ke7 73. Be2 Kd6 74. Bg4 Ke7 75. Ke4 Kd6 76. Bf5 Bf6 77. Kd3 Bc3 78. Ke4 {Kd5+} 1-0

[Event "XI Paracin Festival 2018"]
[Site "Paracin"]
[Date "2018.07.09"]
[Round "4"]
[White "Fernandez, Daniel Howard"]
[Black "Pantelic, Sasa"]
[Result "1-0"]
[ECO "A02"]
[WhiteElo "2477"]
[BlackElo "2316"]
[Annotator "RC"]
[PlyCount "73"]
[EventDate "2018.07.06"]
[EventType "swiss"]
[EventCountry "SRB"]
[SourceTitle "playchess.com"]
[Source "ChessBase"]
[SourceQuality "1"]
[TimeControl "5400+30"]

1. f4 Nf6 2. Nf3 g6 3. b3 Bg7 4. Bb2 O-O 5. g3 d6 6. Qc1 c5 7. Bg2 Nc6 8. O-O Re8 9. c4 e5 10. fxe5 dxe5 11. Nc3 e4 12. Ne1 Bf5 13. Nc2 Qd7 14. Ne3 Bh3 15. Rxf6 Bxg2 16. Rxc6 bxc6 17. Kxg2 Rad8 18. Nf1 h5 19. Na4 Qg4 20. Qe1 Bxb2 21. Nxb2 h4 22. h3 Qg5 23. Na4 hxg3 24. Qxg3 Qh5 25. Qe3 Qe5 26. Rd1 Rd4 27. Ng3 Kg7 28. h4 Red8 29. h5 gxh5 30. Rf1 Rg8 31. Rf5 Qd6 32. Rg5+ Kf8 33. Nf5 Rxg5+ 34. Qxg5 Qe5 35. Nxc5 Rd6 36. Qxh5 Rd8 37. Qh6+ 1-0

[Event "XI Paracin Festival 2018"]
[Site "Paracin"]
[Date "2018.07.09"]
[Round "4"]
[White "Harsha Bharathakoti"]
[Black "Kadric, Denis"]
[Result "0-1"]
[ECO "E94"]
[WhiteElo "2465"]
[BlackElo "2522"]
[Annotator "ChessBase"]
[PlyCount "112"]
[EventDate "2018.07.06"]
[EventType "swiss"]
[EventCountry "SRB"]
[SourceTitle "playchess.com"]
[Source "ChessBase"]
[SourceQuality "1"]
[TimeControl "5400+30"]

1. Nf3 d6 2. d4 g6 3. c4 Bg7 4. Nc3 Nd7 5. e4 e5 6. Be2 Ngf6 7. O-O O-O 8. Be3 Qe7 9. d5 c5 10. Ne1 Ne8 11. Nd3 f5 12. f3 Bf6 13. a3 Nb6 14. b3 Bg5 15. Bxg5 Qxg5 16. f4 exf4 17. Qd2 Nf6 18. exf5 Bxf5 19. Qxf4 Qxf4 20. Nxf4 Rae8 21. Nb5 Nc8 22. Bd3 Bxd3 23. Nxd3 Re3 24. Nf4 Nd7 25. b4 Re4 26. Ne6 Rxf1+ 27. Rxf1 cxb4 28. axb4 Rxc4 29. Rf4 Rxf4 30. Nxf4 Nf6 31. Nc3 Ne7 32. h4 h6 33. Kf2 a6 34. b5 a5 35. Kf3 g5 36. hxg5 hxg5 37. Ne6 Nexd5 38. Na4 g4+ 39. Kg3 b6 40. Nf4 Nc7 41. Nxb6 Nxb5 42. Nfd5 Nxd5 43. Nxd5 a4 44. Kxg4 a3 45. Nb4 Nc3 46. Kf3 Kf7 47. Nc2 Nb5 48. Ke4 Ke6 49. Nb4 d5+ 50. Kd3 Ke5 51. g4 d4 52. Kc4 Ke4 53. g5 Kf5 54. Na2 Kxg5 55. Nc1 Kf5 56. Kd5 d3 0-1

[Event "XI Paracin Festival 2018"]
[Site "Paracin"]
[Date "2018.07.09"]
[Round "4"]
[White "Radovanovic, Nikola"]
[Black "Georgiev, Kiril"]
[Result "1/2-1/2"]
[ECO "B19"]
[WhiteElo "2425"]
[BlackElo "2596"]
[Annotator "ChessBase"]
[PlyCount "48"]
[EventDate "2018.07.06"]
[EventType "swiss"]
[EventCountry "SRB"]
[SourceTitle "playchess.com"]
[Source "ChessBase"]
[SourceQuality "1"]
[TimeControl "5400+30"]

1. e4 c6 2. d4 d5 3. Nd2 dxe4 4. Nxe4 Bf5 5. Ng3 Bg6 6. h4 h6 7. Nf3 Nd7 8. h5 Bh7 9. Bd3 Bxd3 10. Qxd3 Ngf6 11. Bd2 e6 12. O-O-O Qc7 13. Kb1 Bd6 14. Ne4 Nxe4 15. Qxe4 Nf6 16. Qe2 O-O-O 17. c4 c5 18. Bc3 cxd4 19. Nxd4 a6 20. Rc1 Kb8 21. Nb3 Qc6 22. c5 Bc7 23. Rh4 Rd7 24. Ba5 Rhd8 1/2-1/2

[Event "XI Paracin Festival 2018"]
[Site "Paracin"]
[Date "2018.07.09"]
[Round "4"]
[White "Djordjevic, Vuk"]
[Black "Cerovic, Danilo"]
[Result "0-1"]
[ECO "A40"]
[WhiteElo "2403"]
[BlackElo "2294"]
[Annotator "NA"]
[PlyCount "84"]
[EventDate "2018.07.06"]
[EventType "swiss"]
[EventCountry "SRB"]
[SourceTitle "playchess.com"]
[Source "ChessBase"]
[SourceQuality "1"]
[TimeControl "5400+30"]

1. d4 e6 2. Nf3 Nf6 3. Bf4 b6 4. e3 Bb7 5. Nbd2 d6 6. h3 Nbd7 7. Bg3 g6 8. Be2 Bg7 9. O-O O-O 10. c4 Qe7 11. Qc2 e5 12. dxe5 dxe5 13. a3 c5 14. a4 e4 15. Nh2 Ne5 16. Nb1 Nc6 17. Rd1 Rfd8 18. Nc3 Nb4 19. Qb3 Nh5 20. Bxh5 gxh5 21. Nf1 Rd3 22. Rxd3 exd3 23. Qd1 Qg5 24. Nd2 Rd8 25. e4 Nc2 26. h4 Qg4 27. Rb1 Nd4 28. Qxg4 hxg4 29. Kf1 f5 30. Rd1 Bh6 31. Nd5 Bxd2 32. Rxd2 fxe4 33. Nf6+ Kf7 34. Nxg4 Ke6 35. Ne3 Bc6 36. a5 Nb3 37. Rd1 Nxa5 38. Ra1 Rd4 39. b3 Nxb3 40. Rxa7 Nd2+ 41. Ke1 Nxc4 42. Kd1 Ba4+ 0-1

[Event "XI Paracin Festival 2018"]
[Site "Paracin"]
[Date "2018.07.09"]
[Round "4"]
[White "McPhillips, Joseph"]
[Black "Gomes, Mary Ann"]
[Result "0-1"]
[ECO "B90"]
[WhiteElo "2402"]
[BlackElo "2284"]
[Annotator "NA"]
[PlyCount "118"]
[EventDate "2018.07.06"]
[EventType "swiss"]
[EventCountry "SRB"]
[SourceTitle "playchess.com"]
[Source "ChessBase"]
[SourceQuality "1"]
[TimeControl "5400+30"]

1. e4 c5 2. Nf3 d6 3. d4 cxd4 4. Nxd4 Nf6 5. Nc3 a6 6. Be3 e5 7. Nb3 Be6 8. f3 Nbd7 9. Qd2 b5 {[%emt 0:00:44] LiveBook: 717 Games} 10. O-O-O Nb6 11. Qf2 Nfd7 12. f4 Rc8 13. f5 Bc4 14. Bxc4 Rxc4 $14 15. Qd2 b4 16. Nd5 Nxd5 17. Qxd5 Qc8 18. Na5 Rc7 19. Kb1 Be7 20. g4 h6 21. Qd3 Nc5 22. Bxc5 Rxc5 23. Nb3 Rc6 24. h4 Bd8 25. g5 a5 26. Qb5 Qa6 27. Qa4 Ke7 28. f6+ gxf6 29. gxf6+ Kf8 30. Rd5 Rg8 31. Nxa5 Rc5 32. Qd7 Bxf6 33. Rxd6 Qe2 34. Rd2 Qa6 35. Nb3 Rc6 36. Qf5 Qb6 37. Rf2 Rg7 38. Nc1 Qd4 39. Qf3 Rg4 40. Rhf1 Rf4 41. Qg2 Rxf2 42. Rxf2 Bxh4 43. Rd2 Qe3 44. Re2 Qd4 45. Rd2 Qe3 46. Re2 Qd4 47. Qh2 Bg5 48. Nd3 Qxd3 49. Re1 Qd4 50. Rf1 Qxe4 51. Qf2 Rf6 52. Qc5+ Kg7 53. Rd1 Rc6 54. Qf2 Qc4 55. Qf5 e4 56. Qe5+ Kg6 57. c3 bxc3 58. Rd6+ Rxd6 59. Qxe4+ Qxe4+ 0-1

[Event "XI Paracin Festival 2018"]
[Site "Paracin"]
[Date "2018.07.09"]
[Round "4"]
[White "Atakisi, Umut"]
[Black "Cvetkovic, Nemanja"]
[Result "1/2-1/2"]
[ECO "B04"]
[WhiteElo "2390"]
[BlackElo "2278"]
[Annotator "NA"]
[PlyCount "148"]
[EventDate "2018.07.06"]
[EventType "swiss"]
[EventCountry "SRB"]
[SourceTitle "playchess.com"]
[Source "ChessBase"]
[SourceQuality "1"]
[TimeControl "5400+30"]

1. e4 Nf6 2. e5 Nd5 3. d4 d6 4. Nf3 dxe5 5. Nxe5 c6 6. Be2 Bf5 7. O-O Nd7 8. Nf3 e6 9. c4 N5f6 10. Nh4 Bxb1 11. Rxb1 Bd6 12. g3 O-O 13. b4 a6 14. a4 b5 15. d5 exd5 16. axb5 axb5 17. Nf5 Ne5 18. cxb5 cxb5 19. Be3 Ne4 20. Qxd5 Nc3 21. Qxd6 Nxe2+ 22. Kg2 Nc4 23. Ne7+ Kh8 24. Qxd8 Rfxd8 25. Rbd1 Nc3 26. Rxd8+ Rxd8 27. Bc5 Rd2 28. Re1 h6 29. Nf5 Rd5 30. g4 Ne5 31. h3 Nd3 32. Re8+ Kh7 33. Bd4 Nf4+ 34. Kh2 Nce2 35. Be3 Ng6 36. Bxh6 Nd4 37. Bxg7 Nxf5 38. gxf5 Kxg7 39. fxg6 Rd4 40. gxf7 Kxf7 41. Rb8 Rxb4 42. Kg3 Rb1 43. Kf4 b4 44. Kf5 b3 45. Rb7+ Kg8 46. h4 b2 47. h5 Kf8 48. Kf6 Kg8 49. Rb4 Kh7 50. Rb8 Rh1 51. Rxb2 Rxh5 52. f4 Rh6+ 53. Kf7 Rh5 54. Rf2 Rf5+ 55. Ke6 Ra5 56. Rd2 Kg7 57. Rd7+ Kf8 58. Rd6 Ra7 59. f5 Re7+ 60. Kf6 Rf7+ 61. Kg5 Ra7 62. Rh6 Ra2 63. Rb6 Ra7 64. Rf6+ Kg7 65. Rg6+ Kf7 66. Rh6 Ra1 67. Rh7+ Kg8 68. Re7 Kf8 69. Re6 Kf7 70. Rf6+ Kg7 71. Rg6+ Kf7 72. Rc6 Rg1+ 73. Kh6 Rf1 74. Kg5 Rg1+ 1/2-1/2

[Event "XI Paracin Festival 2018"]
[Site "Paracin"]
[Date "2018.07.09"]
[Round "4"]
[White "Peng, Shunkai"]
[Black "Kosic, Dragan"]
[Result "1/2-1/2"]
[ECO "C07"]
[WhiteElo "2390"]
[BlackElo "2463"]
[Annotator "ChessBase"]
[PlyCount "39"]
[EventDate "2018.07.06"]
[EventType "swiss"]
[EventCountry "SRB"]
[SourceTitle "playchess.com"]
[Source "ChessBase"]
[SourceQuality "1"]
[TimeControl "5400+30"]

1. e4 e6 2. d4 d5 3. Nd2 c5 4. exd5 Qxd5 5. Ngf3 cxd4 6. Bc4 Qd6 7. O-O Nf6 8. Nb3 Nc6 9. Nbxd4 Nxd4 10. Nxd4 Be7 11. c3 O-O 12. Qe2 Bd7 13. Bg5 Qc7 14. Bh4 Nd5 15. Bxe7 Nxe7 16. Rfe1 Rac8 17. Bb3 a6 18. Rad1 Ng6 19. Qe4 Rfd8 20. h4 1/2-1/2

[Event "XI Paracin Festival 2018"]
[Site "Paracin"]
[Date "2018.07.09"]
[Round "4"]
[White "Brankovic, Dejan"]
[Black "Popovic, Milan S"]
[Result "1/2-1/2"]
[ECO "B07"]
[WhiteElo "2377"]
[BlackElo "2264"]
[Annotator "NA"]
[PlyCount "56"]
[EventDate "2018.07.06"]
[EventType "swiss"]
[EventCountry "SRB"]
[SourceTitle "playchess.com"]
[Source "ChessBase"]
[SourceQuality "1"]
[TimeControl "5400+30"]

1. e4 d6 2. d4 Nf6 3. Nc3 e5 4. dxe5 dxe5 5. Qxd8+ Kxd8 6. Bg5 c6 7. O-O-O+ Ke8 8. Nf3 Nbd7 9. Bh4 Bb4 10. Bc4 Ba5 11. a3 Bc7 12. Nd2 Nf8 13. f3 Ng6 14. Bf2 Nd7 15. h4 h5 16. Nf1 Bb6 17. Bxb6 Nxb6 18. Ba2 Nf8 19. Ne3 g6 20. Nb1 Ke7 21. Nd2 f6 22. Kb1 Be6 23. Bxe6 Nxe6 24. Nb3 a5 25. Rd2 a4 26. Nc1 Rhd8 27. Rhd1 Rxd2 28. Rxd2 Nc5 1/2-1/2

[Event "XI Paracin Festival 2018"]
[Site "Paracin"]
[Date "2018.07.09"]
[Round "4"]
[White "Wadsworth, Matthew J"]
[Black "Damljanovic, Branko"]
[Result "1-0"]
[ECO "A20"]
[WhiteElo "2377"]
[BlackElo "2508"]
[Annotator "ChessBase"]
[PlyCount "131"]
[EventDate "2018.07.06"]
[EventType "swiss"]
[EventCountry "SRB"]
[SourceTitle "playchess.com"]
[Source "ChessBase"]
[SourceQuality "1"]
[TimeControl "5400+30"]

1. c4 e5 2. g3 Nf6 3. Bg2 c6 4. d4 e4 5. Nc3 d5 6. cxd5 cxd5 7. Bg5 Bb4 8. Rc1 Nc6 9. Nh3 Bxh3 10. Bxh3 h6 11. Bxf6 Qxf6 12. O-O Rd8 13. e3 O-O 14. Qb3 Qd6 15. Na4 Na5 16. Qd1 Nc4 17. a3 Ba5 18. Nc5 Qe7 19. Rc2 b6 20. Nb3 f5 21. Qh5 Qe6 22. Rfc1 Kh7 23. Nxa5 Nxa5 24. Rc7 Rd7 25. Bf1 g6 26. Qd1 Rxc7 27. Rxc7+ Rf7 28. Qc2 Kg7 29. Rc3 Nb7 30. Rc6 Qe7 31. b4 Qd7 32. b5 Nd6 33. Qb3 Ne8 34. Be2 Qd8 35. Qc3 Qd7 36. a4 Nf6 37. a5 bxa5 38. Qxa5 g5 39. Qa6 f4 40. gxf4 gxf4 41. Qc8 f3 42. Qxd7 Rxd7 43. Bf1 Kf7 44. Bh3 Rb7 45. Rc5 Ke7 46. Bc8 Rb8 47. h3 h5 48. h4 Rb6 49. Kh2 Kd6 50. Bf5 a6 51. bxa6 Rxa6 52. Rc2 Ra1 53. Rb2 Ra7 54. Rb6+ Ke7 55. Kg3 Ra2 56. Rb7+ Kf8 57. Be6 Ke8 58. Rb5 Ra1 59. Bxd5 Rg1+ 60. Kf4 Rg2 61. Bxe4 Rg4+ 62. Kf5 Nxe4 63. Re5+ Kd7 64. Rxe4 Rg2 65. Rf4 Rxf2 66. Ke4 1-0

[Event "XI Paracin Festival 2018"]
[Site "Paracin"]
[Date "2018.07.09"]
[Round "4"]
[White "Tomic, Aleksandar"]
[Black "Bratkovic, Jakob"]
[Result "1-0"]
[ECO "A45"]
[WhiteElo "2347"]
[BlackElo "2253"]
[Annotator "NA"]
[PlyCount "81"]
[EventDate "2018.07.06"]
[EventType "swiss"]
[EventCountry "SRB"]
[SourceTitle "playchess.com"]
[Source "ChessBase"]
[SourceQuality "1"]
[TimeControl "5400+30"]

1. d4 Nf6 2. Bg5 e6 3. e4 h6 4. Bxf6 Qxf6 5. c3 d6 6. Bd3 g6 7. Ne2 e5 8. O-O Bg7 9. f4 Qe7 10. f5 O-O 11. Kh1 Nd7 12. Nd2 exd4 13. cxd4 c5 14. fxg6 fxg6 15. Qb3+ Kh7 16. e5 cxd4 17. Bxg6+ Kh8 18. Nxd4 Qg5 19. Qc2 Rxf1+ 20. Rxf1 Nxe5 21. Bf5 Bxf5 22. Nxf5 d5 23. h4 Qf6 24. Qb3 Nc4 25. Qxb7 Rg8 26. Qxd5 Rd8 27. Qxc4 Rxd2 28. b4 Qg6 29. Qc8+ Kh7 30. Qb7 Qf6 31. Qxa7 Rd1 32. Rxd1 Qxf5 33. Qe3 Qg4 34. Qd3+ Kh8 35. Qd8+ Kh7 36. b5 Kg6 37. b6 Kh5 38. b7 Be5 39. Qe8+ Kxh4 40. Qxe5 Qxd1+ 41. Kh2 1-0